 Dungeon Crawl Stone Soup version 0.19-a0-465-g1d1674b (webtiles) character file.

8454 Kidiri the Thaumaturge (level 11, -3/60 HPs)
             Began as a Deep Elf Fire Elementalist on June 3, 2016.
             Was a High Priest of Vehumet.
             Killed by miscasting Bolt of Fire (14 damage)
             ... on level 1 of the Lair of Beasts.
             The game lasted 00:46:09 (13901 turns).

Kidiri the Thaumaturge (DEFE)                      Turns: 13901, Time: 00:46:10

Health: -3/60      AC:  5    Str:  5    XL:     11   Next: 10%
Magic:  16/33      EV: 18    Int: 22    God:    Vehumet [*****.]
Gold:   550        SH:  0    Dex: 23    Spells: 9 memorised, 0 levels left

rFire  . . .     SeeInvis +     A - +11 mace of the Aged Wishes {flame, Dex+8}
rCold  . . .     Gourm    .     a - +1 robe
rNeg   . . .     Faith    .     (no shield)
rPois  .         Spirit   .     (no helmet)
rElec  .         Dismiss  .     p - +0 cloak
rCorr  .         Reflect  .     m - +0 pair of gloves
SustAt .         Harm     .     (no boots)
MR     +....                    (no amulet)
Stlth  ++++......               x - ring of see invisible
                                s - ring of magical power

@: lethally poisoned (-3 -> -5), very slightly contaminated, somewhat resistant
to hostile enchantments, stealthy
A: claws 1, hooves 1, camouflage 1, blurry vision 2, deterioration 1, dopey 1,
low mp 1, sense surroundings 1
a: Renounce Religion


You were on level 1 of the Lair of Beasts.
You worshipped Vehumet.
Vehumet was extremely pleased with you.
You were not hungry.

You visited 3 branches of the dungeon, and saw 10 of its levels.
You also visited: Ossuary.

You collected 550 gold pieces.

Inventory:

Hand Weapons
 n - a +2 dagger of speed
 A - the +11 mace of the Aged Wishes (weapon) {flame, Dex+8}
   (You found it on level 7 of the Dungeon)

   It has been specially enchanted to burn those struck by it, causing extra
   injury to most foes and up to half again as much damage against particularly
   susceptible opponents.
   It affects your dexterity (+8).
 B - the +7 mace of True Grit {crush, rPois}
   (You found it on level 7 of the Dungeon)

   It inflicts extra damage upon your enemies.
   It protects you from poison.
Armour
 a - a +1 robe (worn)
 m - a +0 pair of gloves (worn)
 p - a +0 cloak (worn)
 w - a +0 leather armour
Magical Staves
 H - a cursed staff of energy
Jewellery
 s - a ring of magical power (left hand)
 x - a ring of see invisible (right hand)
Wands
 t - a wand of random effects (18/48)
 z - a wand of polymorph (20/24)
Scrolls
 k - 3 scrolls of blinking
 l - 7 scrolls of remove curse
 r - 5 scrolls of teleportation
 y - 2 scrolls of enchant weapon
 E - 4 scrolls of amnesia
 G - a scroll of noise
Potions
 b - a potion of cancellation
 e - a potion of curing
 f - 5 potions of flight
 g - a potion of brilliance
 h - 3 potions of agility
 i - a potion of resistance
 j - a potion of heal wounds
 o - a potion of ambrosia
 q - 3 potions of invisibility
 u - 4 potions of lignification
Books
 v - a book of the Tempests

   Spells                             Type                      Level
   a - Static Discharge               Conjuration/Air              3
   b - Lightning Bolt                 Conjuration/Air              5
   c - Fireball                       Conjuration/Fire             5
   d - Tornado                        Air                          9
   e - Shatter                        Earth                        9
Comestibles
 c - 6 bread rations
 d - 4 meat rations
 F - 7 royal jellies


   Skills:
 + Level 3.9 Fighting
 + Level 4.2 Short Blades
 + Level 3.5 Armour
 + Level 6.4 Dodging
 - Level 2.4 Stealth
 * Level 10.2 Spellcasting
 * Level 8.7 Conjurations
 + Level 7.9 Fire Magic
 * Level 5.8 Air Magic
 + Level 3.4 Evocations


You couldn't memorise any spells.
You knew the following spells:

 Your Spells              Type           Power        Failure   Level  Hunger
a - Flame Tongue          Conj/Fire      #####        1%          1    None
b - Throw Flame           Conj/Fire      #####.       1%          2    None
c - Conjure Flame         Conj/Fire      #####...     1%          3    None
d - Inner Flame           Hex/Fire       ####....     1%          3    None
e - Sticky Flame          Conj/Fire      #####...     1%          4    ##.....
f - Fireball              Conj/Fire      #####.....   2%          5    ####...
g - Bolt of Fire          Conj/Fire      #####.....   10%         6    ######.
h - Static Discharge      Conj/Air       #####...     1%          3    None
i - Stone Arrow           Conj/Erth      ####..       1%          3    None


Dungeon Overview and Level Annotations

Branches:
Dungeon (8/15)             Temple (1/1) D:4            Lair (1/8) D:8

Altars:
Ashenzari
Cheibriados
Dithmenos
Elyvilon
Fedhas
Gozag
Hepliaklqana
Kikubaaqudgha
Makhleb
Nemelex Xobeh
Okawaru
Pakellas
Qazlal
Ru
Sif Muna
Trog
Uskayaw
Vehumet
Xom
Yredelemnul
Zin
The Shining One


Innate Abilities, Weirdness & Mutations

You have sharp fingernails.
You have large cloven feet.
Your skin changes colour to match your surroundings (Stealth+).
Scrolls take you longer to read.
Your body sometimes deteriorates upon taking damage.
You are dopey. (Int -2)
Your magical capacity is low. (-10% MP)
You passively map a small area around you.


Message History

Casting: Flame Tongue
Confirm with . or Enter, or press ? or * to list all spells.
Aiming: Flame Tongue
Press: ? - help, Shift-Dir - straight line, f/p - wolf
Aim: a wolf (almost dead)
The flame tongue misses the wolf.
The flame tongue hits the wolf.
The wolf appears unharmed.
The wolf howls!
The wolf bites you! x2
* * * LOW HITPOINT WARNING * * *
Unknown command.
Casting: Flame Tongue
Confirm with . or Enter, or press ? or * to list all spells.
Aiming: Bolt of Fire
Press: ? - help, Shift-Dir - straight line, f - wolf, p - wolf
Aim: a wolf You miscast Bolt of Fire.
You are very lightly contaminated with residual magic.
Energy rips through your body!
You die...

.......... ..#.......#
........## #.........#..
,*
##......P###.........+h.
, #......###..#.....†...
* #......##...........#
.
##......P..........h:#..
........................
,
.................h.†...#
,
................@......#
.....................##.
,,
...............###..## *
.#............##, .#...
, .................
,.*... ...............8.
%. 8. ........(.....#...
.. . .................8
#.., , ................
* ,


You could see 3 wolves.

Vanquished Creatures
  A hydra (Lair:1)
  A black mamba (Lair:1)
  A spiny frog (Lair:1)
  A komodo dragon (Lair:1)
  A queen bee (D:8)
  3 blink frogs (Lair:1)
  3 hippogriffs
  3 yaks (Lair:1)
  Grum (Lair:1)
  Menkaure (D:7)
  A porcupine (Lair:1)
  Duvessa (D:7)
  An ice beast (D:8)
  3 orc warriors
  3 phantoms
  2 necrophages (D:8)
  3 sky beasts
  3 centaurs
  4 ogres
  4 wolves (Lair:1)
  4 giant frogs
  Dowan (D:7)
  A water moccasin zombie (Ossuary)
  2 scorpions
  2 water moccasin skeletons
  14 killer bees (D:8)
  2 wights (D:7)
  A howler monkey (D:8)
  3 crimson imps (D:5)
  2 centaur zombies (D:5)
  A centaur skeleton (D:5)
  2 giant frog zombies
  2 jellies
  5 orc priests
  3 hounds
  A giant frog skeleton (D:6)
  Crazy Yiuf (D:7)
  2 iguanas
  8 orc wizards
  6 worker ants
  2 killer bee zombies (D:7)
  2 big kobold zombies (Ossuary)
  2 hound skeletons (D:7)
  2 mummies (Ossuary)
  3 worker ant zombies
  7 gnolls
  8 adders
  8 river rats
  A shadow imp (D:4)
  7 adder zombies
  2 adder skeletons (D:4)
  4 worms
  A dart slug (D:2)
  5 giant geckos
  28 orcs
  23 bats
  4 giant cockroaches
  15 goblins
  7 hobgoblins
  11 jackals
  5 quokkas
  A ball python (D:3)
  5 giant newts
  A gnoll zombie (Ossuary)
  5 hobgoblin zombies (Ossuary)
  2 jackal skeletons
  11 kobolds
  7 kobold zombies (Ossuary)
  2 orc zombies (Ossuary)
  2 quokka skeletons
  16 rats
  2 fungi
305 creatures vanquished.

Vanquished Creatures (others)
  An orc zombie (Ossuary)
  5 fungi (D:8)
  2 plants (D:8)
8 creatures vanquished.

Grand Total: 313 creatures vanquished

Notes
Turn   | Place    | Note
--------------------------------------------------------------
     0 | D:1      | Kidiri the Deep Elf Fire Elementalist began the quest for the Orb.
     0 | D:1      | Reached XP level 1. HP: 10/10 MP: 6/6
   604 | D:1      | Reached XP level 2. HP: 15/15 MP: 6/8
   608 | D:1      | Learned a level 2 spell: Throw Flame
  1723 | D:2      | Reached XP level 3. HP: 19/19 MP: 5/10
  1744 | D:2      | Learned a level 3 spell: Conjure Flame
  1748 | D:2      | Learned a level 3 spell: Inner Flame
  1935 | D:2      | Found a shimmering altar of Xom.
  1942 | D:2      | Found a shimmering altar of Xom.
  1943 | D:2      | Found a shimmering altar of Xom.
  1951 | D:2      | Found a shimmering altar of Xom.
  1961 | D:2      | Reached skill level 4 in Spellcasting
  2376 | D:2      | Reached XP level 4. HP: 24/24 MP: 10/12
  2577 | D:2      | You fall through a shaft!
  3253 | D:3      | Found a hazy altar of Hepliaklqana.
  3253 | D:3      | Found a shadowy altar of Dithmenos.
  3832 | D:2      | Found a bloodstained altar of Trog.
  3835 | D:2      | Reached XP level 5. HP: 28/28 MP: 10/14
  3844 | D:2      | Learned a level 4 spell: Sticky Flame
  4311 | D:4      | Reached skill level 5 in Spellcasting
  4342 | D:4      | Noticed a phantom
  4357 | D:4      | Killed a phantom
  4423 | D:4      | Reached skill level 5 in Fire Magic
  4423 | D:4      | Reached XP level 6. HP: 32/32 MP: 16/16
  5056 | D:4      | Learned a level 3 spell: Static Discharge
  5119 | D:4      | Gained mutation: You have large cloven feet. [potion of mutation]
  5119 | D:4      | Gained mutation: Scrolls take you a little longer to read. [potion of mutation]
  5119 | D:4      | Gained mutation: Scrolls take you longer to read. [potion of mutation]
  5127 | D:4      | Found a staircase to the Ecumenical Temple.
  5136 | Temple   | Entered the Ecumenical Temple
  5246 | Temple   | Became a worshipper of Vehumet
  5345 | D:4      | Reached skill level 6 in Spellcasting
  5552 | D:4      | Reached skill level 1 in Air Magic
  5552 | D:4      | Reached XP level 7. HP: 37/37 MP: 17/18
  5662 | D:4      | Found a burning altar of Makhleb.
  5662 | D:4      | Noticed an Executioner
  5678 | D:4      | Noticed a ynoxinul
  5678 | D:4      | Noticed a neqoxec
  5878 | D:5      | Entered Level 5 of the Dungeon
  5914 | D:5      | Reached skill level 5 in Conjurations
  5969 | D:5      | Reached * piety under Vehumet
  5969 | D:5      | Offered knowledge of Sting by Vehumet.
  6006 | D:5      | Reached skill level 1 in Fighting
  6006 | D:5      | Reached skill level 1 in Short Blades
  6132 | D:5      | Gained mutation: You have sharp fingernails. [mutagenic meat]
  6133 | D:5      | Gained mutation: Your mind is acute. (Int +2) [mutagenic meat]
  6134 | D:5      | Gained mutation: Your magical capacity is low. (-10% MP) [mutagenic meat]
  6253 | D:5      | Reached skill level 1 in Armour
  6557 | D:5      | Reached XP level 8. HP: 43/43 MP: 18/18
  6577 | D:5      | Reached skill level 7 in Spellcasting
  6712 | D:5      | Gained mutation: You passively map a small area around you. [mutagenic meat]
  6713 | D:5      | Gained mutation: Your body sometimes deteriorates upon taking damage. [mutagenic meat]
  6714 | D:5      | Lost mutation: Your mind is acute. (Int +2) [mutagenic meat]
  6716 | D:5      | Gained mutation: Your skin changes colour to match your surroundings (Stealth+). [mutagenic meat]
  6717 | D:5      | Gained mutation: You are dopey. (Int -2) [mutagenic meat]
  6764 | D:5      | Learned a level 5 spell: Fireball
  6766 | D:5      | Found a white marble altar of Elyvilon.
  6774 | D:5      | Found an ancient bone altar of Kikubaaqudgha.
  6835 | D:5      | Found a hide-covered altar of Uskayaw.
  6836 | D:5      | Found a basalt altar of Yredelemnul.
  6841 | D:5      | Found a stormy altar of Qazlal.
  6842 | D:5      | Found a snail-covered altar of Cheibriados.
  6845 | D:5      | Found a sacrificial altar of Ru.
  6854 | D:5      | Found a glowing golden altar of the Shining One.
  7310 | D:5      | Found a sparkling altar of Nemelex Xobeh.
  7312 | D:5      | Found an opulent altar of Gozag.
  7540 | D:6      | Offered knowledge of Freeze by Vehumet.
  7572 | D:6      | Reached ** piety under Vehumet
  7648 | D:6      | Found a sand-covered staircase.
  7659 | Ossuary  | Entered an ossuary
  9462 | D:6      | Reached XP level 9. HP: 43/48 MP: 20/20
  9469 | D:6      | Offered knowledge of Throw Frost by Vehumet.
 10307 | D:7      | Noticed Menkaure
 10320 | D:7      | Reached skill level 8 in Spellcasting
 10325 | D:7      | Killed Menkaure
 10325 | D:7      | Reached *** piety under Vehumet
 10514 | D:7      | Reached skill level 5 in Dodging
 10533 | D:7      | Noticed Crazy Yiuf
 10539 | D:7      | Killed Crazy Yiuf
 10563 | D:7      | Got an ichor-stained mace
 10566 | D:7      | Got a jewelled mace
 10567 | D:7      | Identified the +11 mace of the Aged Wishes {flame, Dex+8} (You found it on level 7 of the Dungeon)
 10568 | D:7      | Identified the +7 mace of True Grit {crush, rPois} (You found it on level 7 of the Dungeon)
 10755 | D:7      | Offered knowledge of Stone Arrow by Vehumet.
 10760 | D:7      | Learned a level 3 spell: Stone Arrow
 10819 | D:7      | Noticed Dowan
 10911 | D:7      | Noticed Duvessa
 10915 | D:7      | Killed Duvessa
 10915 | D:7      | Killed Dowan
 11460 | D:8      | Reached **** piety under Vehumet
 11503 | D:8      | Offered knowledge of Lee's Rapid Deconstruction by Vehumet.
 11542 | D:8      | Reached skill level 1 in Evocations
 11701 | D:8      | Noticed a queen bee
 11712 | D:8      | Killed a queen bee
 11712 | D:8      | Reached XP level 10. HP: 47/56 MP: 17/22
 11716 | D:8      | Reached skill level 9 in Spellcasting
 12385 | D:8      | Reached skill level 5 in Air Magic
 12487 | D:8      | Found a staircase to the Lair.
 12717 | D:8      | Identified the Handbook of Evil
 12953 | Lair:1   | Entered Level 1 of the Lair of Beasts
 12979 | Lair:1   | Noticed a spiny frog
 13002 | Lair:1   | Noticed Grum
 13014 | Lair:1   | Killed a spiny frog
 13195 | Lair:1   | Noticed a seven-headed hydra
 13202 | Lair:1   | Killed a seven-headed hydra
 13202 | Lair:1   | Reached ***** piety under Vehumet
 13365 | Lair:1   | Reached skill level 10 in Spellcasting
 13556 | Lair:1   | Killed Grum
 13556 | Lair:1   | Offered knowledge of Bolt of Fire by Vehumet.
 13556 | Lair:1   | Reached XP level 11. HP: 59/60 MP: 7/24
 13830 | Lair:1   | Learned a level 6 spell: Bolt of Fire
 13901 | Lair:1   | Killed by miscasting Bolt of Fire

Vault maps used:
D:1:      lightli_arrival_statuegarden
D:2:      xom_redecorated, lightli_temple_of_fire, first_bread
D:3:      gammafunk_temple_overflow_elements, hangedman_feature_mirror
D:4:      minmay_temple_entry_purple_smoke, makhleb_altar_promises_db
D:5:      grunt_temple_overflow_opulence, minitemple,
          grunt_temple_overflow_open, minmay_gold_behind_fungi
D:6:      nicolae_ossuary_entry_ruins, grunt_ministairs_2
D:7:      uniq_menkaure, uniq_crazy_yiuf_cottage, uniq_duvessa
D:8:      grunt_lair_entry_orc_guard_hut, david_nohive_1
Temple:   circular_temple_pool_8
Lair:1:   grunt_megastairs_3, uniq_harold, uniq_grum
Ossuary:  ossuary_tomb_2

Skill      XL: |  1  2  3  4  5  6  7  8  9 10 |
---------------+-------------------------------+-----
Conjurations   | 2 3 4 5 6 7 8 |  8.7
Spellcasting   | 4 5 6 7 8 10 | 10.2
Fire Magic     | 4 5 6 7 |  7.9
Air Magic      | 1 2 3 4 5 |  5.8
Dodging        | 3 4 5 6 |  6.4
Fighting       | 1 2 3 |  3.9
Short Blades   | 1 2 3 4 |  4.2
Armour         | 1 2 3 |  3.5
Evocations     | 1 3 |  3.4
Stealth        | |  2.4

Action                   |  1- 3 |  4- 6 |  7- 9 | 10-12 || total
-------------------------+-------+-------+-------+-------++-------
Melee: Dagger            |    20 |     6 |    39 |       ||    65
       Kick              |       |       |    25 |     9 ||    34
       Mace              |       |       |    56 |    30 ||    86
 Cast: Flame Tongue      |    57 |    80 |   253 |    90 ||   480
       Throw Flame       |    19 |    43 |    54 |    19 ||   135
       Conjure Flame     |       |     1 |     7 |     4 ||    12
       Inner Flame       |       |     1 |     1 |     1 ||     3
       Static Discharge  |       |       |    12 |       ||    12
       Sticky Flame      |       |       |    10 |    18 ||    28
       Fireball          |       |       |     6 |     5 ||    11
       Stone Arrow       |       |       |       |     4 ||     4
  Use: Scroll            |     5 |     7 |     3 |     4 ||    19
       Potion            |       |     1 |    10 |     6 ||    17
 Stab: Sleeping          |       |     1 |     3 |     1 ||     5
       Distracted        |       |       |       |     1 ||     1
  Eat: Chunk             |     3 |    10 |    22 |     6 ||    41
       Beef jerky        |     1 |       |     2 |       ||     3
       Fruit             |       |       |     4 |     3 ||     7
       Pizza             |       |       |     2 |       ||     2
Armor: Robe              |    11 |     6 |    26 |     9 ||    52
Dodge: Dodged            |    36 |    25 |   156 |    63 ||   280
